 Dungeon Crawl Stone Soup version 0.26-a0-651-gb41185065b (webtiles) character file.

Game seed: 12486831005635207643

179 kae the Changer (level 5, 0/44 HPs)
             Began as a Naga Transmuter on Oct 30, 2020.
             Slain by a hippogriff (6 damage)
             ... on level 3 of the Dungeon.
             The game lasted 00:02:24 (3374 turns).

kae the Changer (Naga Transmuter)                   Turns: 3374, Time: 00:02:25

Health: 0/44       AC:  2    Str: 14    XL:     5   Next: 59%
Magic:  6/8        EV: 19    Int: 13    God:
Gold:   153        SH:  0    Dex: 16    Spells: 4/8 levels left

rFire    + . .     SeeInvis +     - Unarmed
rCold    + . .     Faith    .   (shield currently unavailable)
rNeg     . . .     Spirit   .   (armour currently unavailable)
rPois    .         Reflect  .   (helmet currently unavailable)
rElec    +         Harm     .   (cloak currently unavailable)
rCorr    +         Rampage  .   (gloves currently unavailable)
MR       .....                  (no barding)
Stlth    +.........             (no amulet)
HPRegen  0.14/turn              (no ring)
MPRegen  0.11/turn              (no ring)

@: spider-form (expiring), resistant
A: tiny, see invisible, spit poison 1, AC +1
a: Spit Poison, End Transformation


You were on level 3 of the Dungeon.
You were a venomous arachnid creature.
You visited 1 branch of the dungeon, and saw 3 of its levels.

You collected 153 gold pieces.

Inventory:

Armour
 a - a +0 robe (melded)
Jewellery
 l - an uncursed ring of magical power {unknown}
Scrolls
 c - 2 scrolls of remove curse {unknown}
 d - 2 scrolls of blinking {unknown}
 f - a scroll of amnesia {unknown}
 i - 4 scrolls of identify {unknown}
 k - 2 scrolls of magic mapping {unknown}
 m - 2 scrolls of teleportation {unknown}
Potions
 b - a potion of invisibility {unknown}
 e - a potion of resistance
 g - a potion of stabbing {unknown}
 h - 2 potions of curing {unknown}
 j - a potion of flight {unknown}


   Skills:
 - Level 1.0 Fighting
 - Level 1.5 Dodging
 + Level 4.0 Unarmed Combat
 - Level 2.0 Spellcasting
 * Level 4.2 Transmutations
 - Level 3.0 Poison Magic


You had 4 spell levels left.
You knew the following spells:

 Your Spells              Type           Power        Failure   Level
a - Beastly Appendage     Tmut           ##....       13%         1
b - Spider Form           Tmut/Pois      ##........   36%         3

Your spell library contained the following spells:

 Spells                   Type           Power        Failure   Level
 Wereblood                Tmut           ##......     19%         2
 Ice Form                 Ice/Tmut       #.......     87%         4
 Blade Hands              Tmut           ##........   90%         5


Dungeon Overview and Level Annotations

Branches:
Dungeon (3/15)

Altars:


Innate Abilities, Weirdness & Mutations

You cannot wear boots.
((Your serpentine skin is tough. (AC +1)))
You have supernaturally acute eyesight. (SInv)
((Armour fits poorly on your strangely shaped body.))
((Your system is resistant to poisons. (rPois)))
((You cover ground very slowly.))
You can spit poison.


Message History

The hippogriff is moderately wounded.
The bullfrog hits you. The hippogriff completely misses you.
The hippogriff closely misses you. The hippogriff barely misses you.
You hit the hippogriff but do no damage.
The hippogriff looks as sick as possible!
The hippogriff is moderately wounded.
The bullfrog barely misses you. The hobgoblin barely misses you.
The hippogriff bites you! The hippogriff pecks you. The hippogriff claws you.
* * * LOW HITPOINT WARNING * * *
The bullfrog hits you.
* * * LOW HITPOINT WARNING * * *
You are too injured to fight recklessly!
You are too injured to fight recklessly!
You are too injured to fight recklessly!
Okay, then.
Okay, then.
It was a potion of resistance.
You feel protected. The hobgoblin misses you. The bullfrog misses you.
The hippogriff bites you.
You die...

### ###########
#.#####
#.........#
#.....#
#.........#
#.###.#
#.........# #.#
#.####....?....#
#.#
#..).#.........#
#.#
####.....g.....#
#.#
###..sH......
#.# #..)F......
#.# #..........
#.# #..........
##.# ####.#.....
#..# .#..###
###.### .# .#
##.....##. ## ##
#..........


You could see a hippogriff (extremely poisoned), a bullfrog and a hobgoblin.

Vanquished Creatures
  Jessica (D:3)
  An orc wizard (D:3)
  5 adders
  3 worms (D:2)
  5 dart slugs
  4 leopard geckos
  4 orcs
  4 bats
  A giant cockroach (D:1)
  8 goblins
  6 hobgoblins
  6 kobolds
  A quokka (D:3)
  6 frilled lizards
  6 rats
61 creatures vanquished.

Notes
Turn   | Place    | Note
-------+----------+-------------------------------------------
     0 | D:1      | kae the Naga Transmuter began the quest for the Orb.
     0 | D:1      | Reached XP level 1. HP: 18/18 MP: 3/3
   109 | D:1      | Reached XP level 2. HP: 13/25 MP: 5/5
   991 | D:1      | Reached XP level 3. HP: 22/31 MP: 4/6
   996 | D:1      | Learned a level 3 spell: Spider Form
  1382 | D:2      | Reached skill level 1 in Poison Magic
  1588 | D:2      | Reached XP level 4. HP: 16/38 MP: 7/7
  2874 | D:3      | Reached XP level 5. HP: 35/44 MP: 4/8
  3361 | D:3      | Noticed Jessica
  3364 | D:3      | Noticed a hippogriff
  3369 | D:3      | Killed Jessica
  3374 | D:3      | Slain by a hippogriff

Illustrated notes

Levels and vault maps discovered:
D:1:      minmay_arrival_arboretum_small, layout_loops_ring
D:2:      layout_rooms
D:3:      layout_rooms, small_statue_intersection, hangedman_decor_push,
          uniq_jessica

Skill      XL: |  1  2  3  4  5 |
---------------+----------------+-----
Transmutations | 3 4 |  4.2
Poison Magic   | 1 2 3 |  3.0
Unarmed Combat | 4 |  4.0
Fighting       | |  1.0
Dodging        | |  1.5
Spellcasting   | |  2.0

Action                   |  1- 3 |  4- 6 || total
-------------------------+-------+-------++-------
Melee: Unarmed           |    85 |   122 ||   207
       Headbutt          |     9 |    11 ||    20
       Punch             |     1 |       ||     1
 Cast: Beastly Appendage |    17 |    17 ||    34
       Spider Form       |       |     6 ||     6
 Abil: Spit Poison       |    11 |     7 ||    18
  Use: Potion            |       |     1 ||     1
 Stab: Sleeping          |     1 |       ||     1
Armor: Robe              |    10 |    25 ||    35
Dodge: Dodged            |    48 |   103 ||   151

Table legend: (Time is in decaauts)
 A = Elapsed time spent in this place.
 B = Non-inter-level travel time spent in this place.
 C = Inter-level travel time spent in this place.
 D = Time resting spent in this place.
 E = Time spent auto-exploring this place.
 F = Levels seen in this place.
 G = Mean time per level.
                   A        B        C        D        E       F      G
               +--------+--------+--------+--------+--------+-----+--------+
         Total |   3776 |   3706 |     70 |     87 |   3102 |   3 | 1258.7 |
       Dungeon |   3776 |   3706 |     70 |     87 |   3102 |   3 | 1258.7 |
               +--------+--------+--------+--------+--------+-----+--------+

Top non-repeatable levels by time:
     D:2: 1679 daAuts
     D:1: 1543 daAuts
     D:3: 553 daAuts
